[Event "FWCT 2019"]
[Site "Kazan"]
[Date "2019.06.01"]
[Round "2.2"]
[White "Goryachkina, Aleksandra"]
[Black "Gunina, Valentina"]
[Result "1-0"]
[ECO "E15"]
[WhiteElo "2522"]
[BlackElo "2506"]
[Annotator "ChessBase"]
[PlyCount "183"]
[EventDate "2019.05.11"]
[EventType "tourn"]
[EventCountry "RUS"]
[SourceTitle "playchess.com"]
[Source "ChessBase"]
[SourceQuality "1"]
[TimeControl "40/5400+30:1800+30"]

1. d4 Nf6 2. c4 e6 3. Nf3 b6 4. g3 Ba6 5. Qc2 c5 6. d5 exd5 7. cxd5 Bb7 8. Bg2 Nxd5 9. O-O Be7 10. Rd1 Nc6 11. a3 Nc7 12. Nc3 O-O 13. Bf4 d6 14. e3 h6 15. h4 Ne6 16. Bxd6 Bxd6 17. Ne4 Ncd4 18. exd4 Bxe4 19. Qxe4 Qf6 20. dxc5 Nxc5 21. Qd4 Nb3 22. Qxf6 gxf6 23. Rab1 Rad8 24. Nh2 Bc5 25. Ng4 Kg7 26. Bd5 Nd4 27. Ne3 b5 28. Kg2 Rfe8 29. Rd3 Re5 30. Ba2 Nc6 31. Rxd8 Nxd8 32. Rd1 Ne6 33. Bxe6 fxe6 34. Rd7+ Kg6 35. Kf3 h5 36. Ng2 Kh6 37. Nf4 a5 38. Nd3 Rf5+ 39. Ke2 Bf8 40. Ke3 Bc5+ 41. Ke2 a4 42. f3 Bf8 43. Ke3 Kg6 44. Ke4 Kh6 45. Ke3 Kg6 46. Ke2 Kh6 47. g4 hxg4 48. fxg4 Rd5 49. Rf7 Bg7 50. Nf4 Re5+ 51. Kf3 Re1 52. Rb7 Rf1+ 53. Ke3 Bf8 54. Rxb5 Bd6 55. Rh5+ Kg7 56. Nxe6+ Kg6 57. Nd4 Be5 58. Nf3 Bxb2 59. Ra5 Bxa3 60. Rxa4 Bc5+ 61. Ke4 Rf2 62. h5+ Kg7 63. Nh4 Kh6 64. Ra5 Re2+ 65. Kf3 Rf2+ 66. Kg3 Rc2 67. Nf5+ Kg5 68. h6 Rc3+ 69. Kg2 Kxg4 70. h7 Rc2+ 71. Kf1 Rh2 72. Nh4 Kg3 73. h8=Q Rf2+ 74. Ke1 Bb4+ 75. Kd1 Bxa5 76. Ng6 Bd2 77. Qh4+ Kf3 78. Qxf6+ Kg2 79. Qc6+ Kg1 80. Nh4 Bf4 81. Qg6+ Kh2 82. Qg4 Bg3 83. Nf5 Rf1+ 84. Ke2 Rf2+ 85. Kd3 Rg2 86. Qh5+ Kg1 87. Ne3 Ra2 88. Qg6 Kh2 89. Qh7+ Kg1 90. Qg8 Ra3+ 91. Ke2 Kh2 92. Kf3 1-0

[Event "FWCT 2019"]
[Site "Kazan"]
[Date "2019.06.01"]
[Round "2.4"]
[White "Muzychuk, Anna"]
[Black "Dzagnidze, Nana"]
[Result "0-1"]
[ECO "B31"]
[WhiteElo "2539"]
[BlackElo "2510"]
[Annotator "ChessBase"]
[PlyCount "84"]
[EventDate "2019.05.11"]
[EventType "tourn"]
[EventCountry "RUS"]
[SourceTitle "playchess.com"]
[Source "ChessBase"]
[SourceQuality "1"]
[TimeControl "40/5400+30:1800+30"]

1. e4 c5 2. Nf3 Nc6 3. Bb5 g6 4. O-O Bg7 5. c3 Nf6 6. Qe2 O-O 7. d4 d5 8. e5 Ne4 9. Rd1 cxd4 10. cxd4 f6 11. Nc3 Nxc3 12. bxc3 fxe5 13. Nxe5 Qc7 14. Nd3 Bf5 15. Bf4 Qa5 16. Bxc6 bxc6 17. Nb4 Rac8 18. Rac1 Be4 19. Bg5 c5 20. dxc5 Qxc5 21. Be3 d4 22. Bxd4 Bxd4 23. Qxe4 Bxf2+ 24. Kh1 Qe3 25. Qc2 Rc5 26. Nd3 Rg5 27. Qb3+ Kg7 28. Nxf2 Rxg2 29. Qb7 Rxh2+ 30. Kxh2 Rxf2+ 31. Qg2 h5 32. Re1 Qd2 33. Qxf2 Qxf2+ 34. Kh1 e5 35. c4 g5 36. c5 g4 37. Rf1 Qh4+ 38. Kg1 Qg3+ 39. Kh1 Qh3+ 40. Kg1 Qe3+ 41. Kh1 Qe4+ 42. Kg1 g3 0-1

[Event "FWCT 2019"]
[Site "Kazan"]
[Date "2019.06.02"]
[Round "3.1"]
[White "Gunina, Valentina"]
[Black "Kosteniuk, Alexandra"]
[Result "1-0"]
[ECO "C45"]
[WhiteElo "2506"]
[BlackElo "2546"]
[Annotator "ChessBase"]
[PlyCount "115"]
[EventDate "2019.05.11"]
[EventType "tourn"]
[EventCountry "RUS"]
[SourceTitle "playchess.com"]
[Source "ChessBase"]
[SourceQuality "1"]
[TimeControl "40/5400+30:1800+30"]

1. e4 e5 2. Nf3 Nc6 3. d4 exd4 4. Nxd4 Nf6 5. Nxc6 bxc6 6. e5 Qe7 7. Qe2 Nd5 8. c4 Nb6 9. Nc3 Qe6 10. Qe4 g6 11. Bd2 Ba6 12. b3 Bg7 13. f4 O-O 14. Be2 d5 15. Qf3 Bb7 16. cxd5 cxd5 17. Nb5 Qe7 18. Rc1 Rfc8 19. Qf2 f6 20. O-O fxe5 21. Bg4 Ba6 22. a4 Bxb5 23. axb5 Rf8 24. Qe1 Rf7 25. Rc6 Rf6 26. Bb4 Qf7 27. Qc1 Rxc6 28. Qxc6 Qe8 29. Qxc7 exf4 30. Re1 Qd8 31. Qc6 Qf6 32. Bc5 Rd8 33. Be7 Qd4+ 34. Kh1 Rb8 35. Bd6 Rf8 36. Bxf8 Bxf8 37. h3 Bb4 38. Rf1 Qe5 39. Qe6+ Qxe6 40. Bxe6+ Kf8 41. Rxf4+ Ke7 42. Bg8 Bd2 43. Rf7+ Kd6 44. Bxh7 g5 45. Rxa7 Kc5 46. Bd3 Kd4 47. Be2 Kc3 48. g3 Be3 49. Kg2 Kd2 50. Bf3 d4 51. h4 gxh4 52. gxh4 d3 53. h5 Kc2 54. Re7 Bd4 55. Rc7+ Kxb3 56. h6 d2 57. h7 Kb4 58. Rc2 1-0

[Event "FWCT 2019"]
[Site "Kazan"]
[Date "2019.06.02"]
[Round "3.2"]
[White "Goryachkina, Aleksandra"]
[Black "Lagno, Kateryna"]
[Result "1-0"]
[ECO "D85"]
[WhiteElo "2522"]
[BlackElo "2554"]
[Annotator "ChessBase"]
[PlyCount "159"]
[EventDate "2019.05.11"]
[EventType "tourn"]
[EventCountry "RUS"]
[SourceTitle "playchess.com"]
[Source "ChessBase"]
[SourceQuality "1"]
[TimeControl "40/5400+30:1800+30"]

1. d4 Nf6 2. c4 g6 3. Nc3 d5 4. cxd5 Nxd5 5. e4 Nxc3 6. bxc3 Bg7 7. Nf3 c5 8. Bb5+ Nc6 9. O-O O-O 10. Ba3 cxd4 11. Bxc6 bxc6 12. cxd4 Bg4 13. Bc5 Re8 14. Rb1 Qd7 15. Rb4 e5 16. dxe5 Qe6 17. Qb3 Bxf3 18. Qxe6 Rxe6 19. gxf3 Rxe5 20. Rc4 Rg5+ 21. Kh1 Bf8 22. Rfc1 Rxc5 23. Rxc5 Bxc5 24. Rxc5 Rc8 25. Kg2 Kf8 26. f4 Ke7 27. Kf3 Kd6 28. Ra5 Rc7 29. Ke3 Rb7 30. h4 Kc7 31. Ra6 Kd6 32. Kd4 Rb4+ 33. Kd3 Rb7 34. Kc4 Rb2 35. f3 Rf2 36. Rxa7 Rxf3 37. Rxf7 Ke6 38. Rxh7 Rxf4 39. Kd4 c5+ 40. Ke3 Rg4 41. a4 Ke5 42. Kd3 Rg1 43. a5 Ra1 44. Ra7 Ra4 45. a6 c4+ 46. Kc3 Kxe4 47. Ra8 Kf5 48. a7 Kg4 49. h5 gxh5 50. Rg8+ Kf3 51. a8=Q+ Rxa8 52. Rxa8 h4 53. Rh8 Kg3 54. Kd2 h3 55. Ke3 h2 56. Rg8+ Kh3 57. Kf2 h1=N+ 58. Kf3 Kh2 59. Rh8+ Kg1 60. Rc8 Nf2 61. Rxc4 Nd3 62. Ke3 Ne5 63. Re4 Nc6 64. Re6 Nb4 65. Ke2 Nd5 66. Rg6+ Kh2 67. Kf3 Nc3 68. Rh6+ Kg1 69. Rc6 Nb5 70. Rc4 Nd6 71. Rc5 Kh2 72. Kf4 Kg2 73. Rc2+ Kh3 74. Rc6 Nb5 75. Ke5 Kg2 76. Rc2+ Kf1 77. Rc5 Na3 78. Rc3 Nb5 79. Rb3 Nc7 80. Rb7 1-0

[Event "FWCT 2019"]
[Site "Kazan"]
[Date "2019.06.02"]
[Round "3.3"]
[White "Tan, Zhongyi"]
[Black "Muzychuk, Anna"]
[Result "1-0"]
[ECO "D70"]
[WhiteElo "2513"]
[BlackElo "2539"]
[Annotator "ChessBase"]
[PlyCount "85"]
[EventDate "2019.05.11"]
[EventType "tourn"]
[EventCountry "RUS"]
[SourceTitle "playchess.com"]
[Source "ChessBase"]
[SourceQuality "1"]
[TimeControl "40/5400+30:1800+30"]

1. d4 Nf6 2. c4 g6 3. Nf3 Bg7 4. g3 c6 5. Bg2 d5 6. b3 dxc4 7. bxc4 c5 8. O-O O-O 9. Bb2 Qb6 10. Qb3 Ne4 11. e3 Nc6 12. Ne5 Ng5 13. f4 Nh3+ 14. Kh1 cxd4 15. exd4 Rd8 16. Qxb6 axb6 17. Bd5 Bf5 18. Nd2 Nxe5 19. fxe5 Bh6 20. Nb3 Bd3 21. Rfe1 Rac8 22. Bc1 Bxc1 23. Raxc1 Rc7 24. Bg2 Ng5 25. c5 bxc5 26. Rxc5 Rcd7 27. d5 b6 28. Rc6 Rxd5 29. h4 Ne6 30. Bxd5 Rxd5 31. Rxb6 Bc4 32. Rb4 Bb5 33. Kg1 g5 34. a4 Ba6 35. Kf2 Kg7 36. a5 h6 37. Re3 Rd1 38. Re1 Rd3 39. Re3 Rd1 40. Rb6 Bc4 41. Rc3 Bd5 42. a6 Rb1 43. Rb5 1-0

[Event "FWCT 2019"]
[Site "Kazan"]
[Date "2019.06.02"]
[Round "3.4"]
[White "Dzagnidze, Nana"]
[Black "Muzychuk, Mariya"]
[Result "1-0"]
[ECO "D47"]
[WhiteElo "2510"]
[BlackElo "2563"]
[Annotator "RC"]
[PlyCount "119"]
[EventDate "2019.05.11"]
[EventType "tourn"]
[EventCountry "RUS"]
[SourceTitle "playchess.com"]
[Source "ChessBase"]
[SourceQuality "1"]
[TimeControl "40/5400+30:1800+30"]

1. Nf3 d5 2. e3 Nf6 3. c4 c6 4. Nc3 e6 5. d4 Nbd7 6. Bd3 dxc4 7. Bxc4 b5 8. Bd3 Bd6 9. O-O O-O 10. Bd2 Bb7 11. Rc1 Rc8 12. Ne2 c5 13. Bxb5 Bxf3 14. gxf3 cxd4 15. Nxd4 Nd5 16. f4 Rxc1 17. Bxc1 N7f6 18. Be2 Qb6 19. Bf3 Rc8 20. Qb3 Bc5 21. Qxb6 Bxb6 22. Nb3 a5 23. Bd2 a4 24. Rc1 Rd8 25. Nc5 Bxc5 26. Rxc5 h6 27. Rc2 g5 28. fxg5 hxg5 29. h3 e5 30. Kf1 Kg7 31. Ke1 Rb8 32. Kd1 e4 33. Bg2 g4 34. hxg4 Nxg4 35. Rc5 Rd8 36. Ke2 f5 37. f3 Ngf6 38. fxe4 fxe4 39. a3 Kf7 40. Rc4 Rb8 41. Bc1 Nb6 42. Rb4 Rc8 43. Bd2 Nc4 44. Rb7+ Ke8 45. Bh3 Rd8 46. Bb4 Rd3 47. Be6 Ne5 48. Rb8+ Rd8 49. Rxd8+ Kxd8 50. Bc3 Neg4 51. Bc4 Nh5 52. Be1 Ng7 53. Bd5 Nf5 54. Bxe4 Nd6 55. Bd3 Ne5 56. Bg3 Ndc4 57. Bxe5 Nxe5 58. Bb5 Kc7 59. Bxa4 Nc4 60. Bb3 1-0

[Event "FWCT 2019"]
[Site "Kazan"]
[Date "2019.06.04"]
[Round "4.3"]
[White "Muzychuk, Anna"]
[Black "Goryachkina, Aleksandra"]
[Result "1/2-1/2"]
[ECO "C54"]
[WhiteElo "2539"]
[BlackElo "2522"]
[Annotator "RC"]
[PlyCount "73"]
[EventDate "2019.05.11"]
[EventType "tourn"]
[EventCountry "RUS"]
[SourceTitle "playchess.com"]
[Source "ChessBase"]
[SourceQuality "1"]
[TimeControl "40/5400+30:1800+30"]

1. e4 e5 2. Nf3 Nc6 3. Bc4 Bc5 4. c3 Nf6 5. d3 d6 6. O-O Bb6 7. a4 a5 8. Nbd2 Ne7 9. Bb3 c6 10. d4 Ng6 11. dxe5 dxe5 12. Nc4 Qxd1 13. Rxd1 Bc7 14. Be3 Bg4 15. h3 Bxf3 16. gxf3 O-O 17. Nd6 Nh4 18. Nxb7 Nxf3+ 19. Kg2 Nh4+ 20. Kg3 Rfb8 21. Nc5 Nxe4+ 22. Kxh4 Nxc5 23. Bxf7+ Kxf7 24. Bxc5 Bd8+ 25. Kg4 Rxb2 26. Rd7+ Kg8 27. Re1 Bf6 28. Re4 Rc2 29. Rc4 e4 30. Rc7 Rxc3 31. Rxc3 Bxc3 32. Rxc6 Re8 33. Be3 Bb4 34. Rc7 Rb8 35. Rc4 Re8 36. Rc7 Rb8 37. Rc4 1/2-1/2

[Event "FWCT 2019"]
[Site "Kazan"]
[Date "2019.06.05"]
[Round "5.2"]
[White "Kosteniuk, Alexandra"]
[Black "Dzagnidze, Nana"]
[Result "1-0"]
[ECO "B22"]
[WhiteElo "2546"]
[BlackElo "2510"]
[Annotator "RC"]
[PlyCount "83"]
[EventDate "2019.05.11"]
[EventType "tourn"]
[EventCountry "RUS"]
[SourceTitle "playchess.com"]
[Source "ChessBase"]
[SourceQuality "1"]
[TimeControl "40/5400+30:1800+30"]

1. e4 c5 2. c3 d5 3. exd5 Qxd5 4. d4 Nf6 5. Nf3 Bg4 6. Be2 e6 7. h3 Bh5 8. c4 Qd7 9. d5 exd5 10. cxd5 Bd6 11. Nh4 Bg6 12. Nxg6 hxg6 13. Nc3 a6 14. O-O Kf8 15. f4 Qc7 16. f5 gxf5 17. Rxf5 Nbd7 18. Qf1 Re8 19. Bg5 Be5 20. Rd1 Qd6 21. Kh1 b5 22. Bd3 Kg8 23. Re1 c4 24. Bc2 Qb8 25. Qf3 Bd6 26. Qd1 Rxe1+ 27. Qxe1 Qe8 28. Qxe8+ Nxe8 29. Ne4 f6 30. Be3 Be5 31. b3 Nc7 32. bxc4 bxc4 33. d6 Nb5 34. a4 Na3 35. Bd1 Kf7 36. Bc1 Rh4 37. Ng5+ Kg6 38. Nf3 Re4 39. g4 Nb1 40. Bc2 Nc3 41. Nxe5+ fxe5 42. Rf3 1-0

[Event "FWCT 2019"]
[Site "Kazan"]
[Date "2019.06.06"]
[Round "6.4"]
[White "Tan, Zhongyi"]
[Black "Lagno, Kateryna"]
[Result "0-1"]
[ECO "D20"]
[WhiteElo "2513"]
[BlackElo "2554"]
[Annotator "RC"]
[PlyCount "144"]
[EventDate "2019.05.11"]
[EventType "tourn"]
[EventCountry "RUS"]
[SourceTitle "playchess.com"]
[Source "ChessBase"]
[SourceQuality "1"]
[TimeControl "40/5400+30:1800+30"]

1. d4 d5 2. c4 dxc4 3. e4 Nc6 4. d5 Ne5 5. Nf3 Nxf3+ 6. Qxf3 e6 7. Bxc4 exd5 8. exd5 Bd6 9. O-O Qh4 10. Qe2+ Ne7 11. g3 Qh3 12. Nc3 O-O 13. Ne4 Ng6 14. f4 Bg4 15. Qf2 Rfe8 16. Re1 h6 17. Bd2 Bf8 18. Re3 Bd7 19. Rae1 Qf5 20. Qf3 Kh8 21. b4 b6 22. Bc3 a5 23. Nf2 Qc2 24. R3e2 Rxe2 25. Rxe2 Qc1+ 26. Re1 Qc2 27. Bb3 Qf5 28. Re4 axb4 29. g4 Nh4 30. Qg3 Qg6 31. Bd4 Bxg4 32. f5 Nf3+ 33. Qxf3 Bxf5+ 34. Rg4 Bxg4 35. Qxg4 Qxg4+ 36. Nxg4 f6 37. Kg2 Re8 38. Kf3 Bd6 39. h3 Re1 40. Nf2 Re7 41. Ne4 Be5 42. Be3 f5 43. Nf2 g5 44. Nd3 Bc3 45. h4 g4+ 46. Kf2 Bf6 47. Bxh6 Bxh4+ 48. Kf1 Bg3 49. Bd2 Bd6 50. Nf4 Re4 51. Ne6 g3 52. Bd1 Rh4 53. Bf3 Rc4 54. Bd1 Rh4 55. Bf3 Rc4 56. Bd1 Kh7 57. Ng5+ Kg6 58. Nf3 Re4 59. Bc2 Re8 60. Bd3 Ra8 61. Bc4 f4 62. Kg2 Kf5 63. Bb3 Ke4 64. Bc1 Kd3 65. Ne1+ Kc3 66. Kf3 b5 67. Ng2 Rxa2 68. Bxa2 Kc2 69. Bxf4 Kb2 70. Bc1+ Kxa2 71. Nf4 Bxf4 72. Bxf4 b3 0-1

[Event "FWCT 2019"]
[Site "Kazan"]
[Date "2019.06.08"]
[Round "7.1"]
[White "Kosteniuk, Alexandra"]
[Black "Muzychuk, Anna"]
[Result "1/2-1/2"]
[ECO "C81"]
[WhiteElo "2546"]
[BlackElo "2539"]
[Annotator "ChessBase"]
[PlyCount "82"]
[EventDate "2019.05.11"]
[EventType "tourn"]
[EventCountry "RUS"]
[SourceTitle "playchess.com"]
[Source "ChessBase"]
[SourceQuality "1"]
[TimeControl "40/5400+30:1800+30"]

1. e4 e5 2. Nf3 Nc6 3. Bb5 a6 4. Ba4 Nf6 5. O-O Nxe4 6. d4 b5 7. Bb3 d5 8. dxe5 Be6 9. Qe2 Be7 10. Rd1 O-O 11. c4 bxc4 12. Bxc4 Bc5 13. Be3 Bxe3 14. Qxe3 Qb8 15. Bb3 Na5 16. Nd4 c5 17. Nxe6 fxe6 18. f3 c4 19. Ba4 Qxb2 20. fxe4 Qxa1 21. exd5 Rad8 22. Nc3 Qb2 23. d6 Qa3 24. Qd4 Kh8 25. h3 Nb7 26. Kh2 Qc5 27. Qe4 Rf5 28. Nd5 Nxd6 29. Ne7 Qc7 30. Qh4 Nf7 31. Ng6+ Kg8 32. Ne7+ Kh8 33. Ng6+ Kg8 34. Ne7+ Kf8 35. Rxd8+ Nxd8 36. Ng6+ Kg8 37. Ne7+ Kf8 38. Ng6+ Kg8 39. Ne7+ Kf7 40. Nxf5 exf5 41. Kh1 Qxe5 1/2-1/2

[Event "FWCT 2019"]
[Site "Kazan"]
[Date "2019.06.08"]
[Round "7.2"]
[White "Goryachkina, Aleksandra"]
[Black "Muzychuk, Mariya"]
[Result "1/2-1/2"]
[ECO "A04"]
[WhiteElo "2522"]
[BlackElo "2563"]
[Annotator "ChessBase"]
[PlyCount "135"]
[EventDate "2019.05.11"]
[EventType "tourn"]
[EventCountry "RUS"]
[SourceTitle "playchess.com"]
[Source "ChessBase"]
[SourceQuality "1"]
[TimeControl "40/5400+30:1800+30"]

1. Nf3 c5 2. c4 Nc6 3. Nc3 g6 4. e3 Nf6 5. d4 cxd4 6. exd4 d5 7. cxd5 Nxd5 8. Qb3 e6 9. Bb5 Bg7 10. O-O O-O 11. Bxc6 bxc6 12. Na4 Qd6 13. Re1 Rb8 14. Qd1 Ne7 15. b3 Nf5 16. Bb2 Rd8 17. Rc1 Nxd4 18. Nxd4 Bxd4 19. Bxd4 Qxd4 20. Qf3 Rd5 21. Nc3 Rf5 22. Red1 Qh4 23. Qg3 Qxg3 24. Rd8+ Kg7 25. hxg3 Rc5 26. f4 Ra8 27. Ne2 Rxc1+ 28. Nxc1 Bb7 29. Rd7 Ba6 30. Kf2 h5 31. a3 c5 32. Ke3 c4 33. b4 Bb5 34. Rb7 Bc6 35. Rc7 Bxg2 36. Rxc4 Bf1 37. Rc7 a5 38. Kf2 axb4 39. axb4 Bb5 40. Rb7 Bc4 41. Rc7 Bb5 42. Rb7 Ra1 43. Rxb5 Rxc1 44. Rb7 Rc2+ 45. Kf3 Rc3+ 46. Kg2 Kf6 47. b5 Rc5 48. b6 e5 49. Rc7 Rb5 50. fxe5+ Rxe5 51. b7 Rb5 52. Kf3 Rb4 53. Ke3 g5 54. Kd3 Kg6 55. Kc3 Rb1 56. Kd4 f6 57. Kd5 Kf5 58. Kc6 Kg4 59. Rh7 f5 60. Rh8 Kxg3 61. Rxh5 Kf4 62. Rh1 Rxb7 63. Kxb7 g4 64. Rf1+ Ke4 65. Re1+ Kf3 66. Rf1+ Ke4 67. Re1+ Kf3 68. Rf1+ 1/2-1/2

[Event "FWCT 2019"]
[Site "Kazan"]
[Date "2019.06.08"]
[Round "7.3"]
[White "Lagno, Kateryna"]
[Black "Dzagnidze, Nana"]
[Result "1/2-1/2"]
[ECO "B30"]
[WhiteElo "2554"]
[BlackElo "2510"]
[Annotator "ChessBase"]
[PlyCount "160"]
[EventDate "2019.05.11"]
[EventType "tourn"]
[EventCountry "RUS"]
[SourceTitle "playchess.com"]
[Source "ChessBase"]
[SourceQuality "1"]
[TimeControl "40/5400+30:1800+30"]

1. e4 c5 2. Nf3 Nc6 3. c3 Nf6 4. e5 Nd5 5. Bc4 Nb6 6. Bb3 d5 7. exd6 Qxd6 8. O-O Be6 9. Bxe6 Qxe6 10. a4 Rd8 11. a5 Nc8 12. a6 b6 13. d4 Qd7 14. Qa4 cxd4 15. cxd4 e6 16. Nc3 Bb4 17. Bg5 f6 18. Bf4 Bxc3 19. bxc3 O-O 20. Rfe1 N8e7 21. Rad1 Nd5 22. Bd2 Na5 23. Qxd7 Rxd7 24. Rxe6 Rc8 25. h4 Kf7 26. Re2 Rc4 27. Rde1 Rd8 28. h5 Ra4 29. h6 gxh6 30. Bxh6 Nc4 31. Re4 b5 32. Rg4 Rg8 33. Rxg8 Kxg8 34. Re8+ Kf7 35. Rd8 Nxc3 36. Rd7+ Ke6 37. Rxa7 b4 38. Rb7 Nd6 39. Rb8 Ndb5 40. Rb6+ Kd5 41. Nd2 f5 42. Bf8 Kxd4 43. a7 Kd3 44. Bxb4 Rxa7 45. Nf3 Ra2 46. Bxc3 Nxc3 47. Rd6+ Ke2 48. Nd4+ Ke1 49. Re6+ Ne2+ 50. Nxe2 Rxe2 51. Ra6 Re5 52. Ra2 h5 53. f3 f4 54. Ra4 Rf5 55. Re4+ Kd2 56. Kh2 Kd3 57. Kh3 Rf8 58. Re5 Rg8 59. Kh2 Rg7 60. Rxh5 Ke3 61. Kg1 Re7 62. Ra5 Re8 63. Ra4 Re7 64. Kf1 Re8 65. Ra2 Rf8 66. Re2+ Kd4 67. Re4+ Kd5 68. Kf2 Rf7 69. Re8 Rg7 70. Re4 Rf7 71. g3 fxg3+ 72. Kxg3 Rg7+ 73. Kf4 Rf7+ 74. Kg4 Rg7+ 75. Kh5 Rf7 76. Kg4 Rg7+ 77. Kf4 Rf7+ 78. Ke3 Kd6 79. Re8 Re7+ 80. Rxe7 Kxe7 1/2-1/2

[Event "FWCT 2019"]
[Site "Kazan"]
[Date "2019.06.08"]
[Round "7.4"]
[White "Gunina, Valentina"]
[Black "Tan, Zhongyi"]
[Result "1-0"]
[ECO "C42"]
[WhiteElo "2506"]
[BlackElo "2513"]
[Annotator "ChessBase"]
[PlyCount "97"]
[EventDate "2019.05.11"]
[EventType "tourn"]
[EventCountry "RUS"]
[SourceTitle "playchess.com"]
[Source "ChessBase"]
[SourceQuality "1"]
[TimeControl "40/5400+30:1800+30"]

1. e4 e5 2. Nf3 Nf6 3. Nxe5 d6 4. Nf3 Nxe4 5. d4 d5 6. Bd3 Bd6 7. O-O O-O 8. Nc3 Nxc3 9. bxc3 Bg4 10. Rb1 Nd7 11. c4 dxc4 12. Bxc4 Bxf3 13. Qxf3 Qh4 14. g3 Qxd4 15. Bd5 Ne5 16. Qe4 Qxe4 17. Bxe4 Rab8 18. Bxb7 Nc4 19. c3 Be5 20. Rb4 Nb6 21. Bc6 Rfd8 22. Rb5 f6 23. Rc5 Rd3 24. c4 Rbd8 25. Be3 Ra3 26. Bh1 Rxa2 27. f4 Bd6 28. Rc6 Re2 29. Bf2 Nd7 30. c5 Rxf2 31. Kxf2 Nxc5 32. Ra1 Rb8 33. Bd5+ Kf8 34. Rxa7 Rb2+ 35. Ke3 Rxh2 36. Rcxc7 Bxc7 37. Rxc7 Na4 38. Bb3 Nb2 39. Rf7+ Ke8 40. Rxg7 h5 41. Rh7 Rh3 42. Kf3 Rh2 43. Ke4 Rh3 44. Be6 Rxg3 45. Kf5 Rf3 46. Bd5 Rf1 47. Ke6 Kd8 48. Kd6 Re1 49. Rb7 1-0

[Event "FWCT 2019"]
[Site "Kazan"]
[Date "2019.06.09"]
[Round "8.2"]
[White "Tan, Zhongyi"]
[Black "Dzagnidze, Nana"]
[Result "1-0"]
[ECO "D58"]
[WhiteElo "2513"]
[BlackElo "2510"]
[Annotator "ChessBase"]
[PlyCount "97"]
[EventDate "2019.05.11"]
[EventType "tourn"]
[EventCountry "RUS"]
[SourceTitle "playchess.com"]
[Source "ChessBase"]
[SourceQuality "1"]
[TimeControl "40/5400+30:1800+30"]

1. d4 d5 2. Nf3 Nf6 3. c4 e6 4. Nc3 Be7 5. Bg5 O-O 6. e3 h6 7. Bh4 b6 8. Be2 Bb7 9. Bxf6 Bxf6 10. cxd5 exd5 11. b4 c6 12. O-O Qd6 13. Qb3 Nd7 14. Rfe1 Rfe8 15. Rad1 Be7 16. b5 c5 17. dxc5 Nxc5 18. Qb1 Bf8 19. Bc4 dxc4 20. Rxd6 Bxd6 21. Rd1 Ne4 22. Qc1 Red8 23. Rd4 Nxc3 24. Qxc3 Bc5 25. Rg4 Rd1+ 26. Ne1 g6 27. Kf1 Rad8 28. Ke2 Rb1 29. Qc2 Rxb5 30. Rxg6+ fxg6 31. Qxc4+ Bd5 32. Qxb5 Bxa2 33. Nd3 Bf8 34. Ne5 Rd5 35. Qe8 Rxe5 36. Qxe5 Bc4+ 37. Kd2 b5 38. Qe8 g5 39. e4 a5 40. e5 Kg7 41. Qd7+ Kg6 42. Qc6+ Kf7 43. Qf6+ Ke8 44. e6 Be7 45. Qf7+ Kd8 46. Qg8+ Kc7 47. Qe8 Bb4+ 48. Kc2 Kd6 49. Qd7+ {[%emt 0:00:13] Kd5} 1-0

[Event "FWCT 2019"]
[Site "Kazan"]
[Date "2019.06.09"]
[Round "8.4"]
[White "Lagno, Kateryna"]
[Black "Gunina, Valentina"]
[Result "1/2-1/2"]
[ECO "C60"]
[WhiteElo "2554"]
[BlackElo "2506"]
[Annotator "ChessBase"]
[PlyCount "73"]
[EventDate "2019.05.11"]
[EventType "tourn"]
[EventCountry "RUS"]
[SourceTitle "playchess.com"]
[Source "ChessBase"]
[SourceQuality "1"]
[TimeControl "40/5400+30:1800+30"]

1. e4 e5 2. Nf3 Nc6 3. Bb5 g6 4. c3 a6 5. Ba4 b5 6. Bb3 Bg7 7. a4 bxa4 8. Bxa4 Nge7 9. d4 exd4 10. cxd4 O-O 11. Nc3 a5 12. O-O Ba6 13. Re1 Nb4 14. Ne5 c6 15. Bb3 d5 16. exd5 cxd5 17. Na2 Nbc6 18. Bf4 Nxe5 19. Bxe5 Nc6 20. Bxg7 Kxg7 21. Rc1 Rc8 22. Ba4 Qf6 23. Bxc6 Rxc6 24. Rxc6 Qxc6 25. Qd2 Rb8 26. Nc3 Rb4 27. Ra1 Bb7 28. Rxa5 Qb6 29. Rc5 Rxb2 30. Qe3 Qf6 31. h3 Rb3 32. Rb5 Rxb5 33. Nxb5 Bc6 34. Nc3 Qf5 35. Kh2 h5 36. h4 Kf8 37. Qh6+ 1/2-1/2

[Event "FWCT 2019"]
[Site "Kazan"]
[Date "2019.06.10"]
[Round "9.2"]
[White "Gunina, Valentina"]
[Black "Goryachkina, Aleksandra"]
[Result "0-1"]
[ECO "B10"]
[WhiteElo "2506"]
[BlackElo "2522"]
[Annotator "ChessBase"]
[PlyCount "94"]
[EventDate "2019.05.11"]
[EventType "tourn"]
[EventCountry "RUS"]
[SourceTitle "playchess.com"]
[Source "ChessBase"]
[SourceQuality "1"]
[TimeControl "40/5400+30:1800+30"]

1. e4 c6 2. Nc3 d5 3. Nf3 dxe4 4. Nxe4 Nf6 5. Qe2 Nxe4 6. Qxe4 Qa5 7. Bc4 Bf5 8. Qe2 e6 9. Ne5 Be7 10. c3 Bf6 11. d4 Bxe5 12. dxe5 Nd7 13. g4 Bg6 14. f4 b5 15. b4 Qd8 16. Bb3 Qh4+ 17. Kd1 Rd8 18. Bd2 h5 19. f5 exf5 20. e6 Nf6 21. exf7+ Kf8 22. Kc1 Ne4 23. Be1 Qg5+ 24. Kb2 hxg4 25. a4 Bxf7 26. Bxf7 Kxf7 27. axb5 cxb5 28. Rxa7+ Kg6 29. Qxb5 Rd1 30. Qc6+ Kh7 31. Qc7 Rg8 32. Kb3 Rb1+ 33. Ka4 Qe3 34. Kb5 Rxe1 35. Rxe1 Qxe1 36. c4 Nc3+ 37. Ka5 Qa1+ 38. Kb6 Qg1+ 39. Ka6 Qd4 40. Qf7 Qd6+ 41. Ka5 Qg6 42. Qd7 Rf8 43. c5 f4 44. Ra6 Qf5 45. Qd4 Qc2 46. Kb6 Rb8+ 47. Kc6 Qg2+ 0-1

[Event "FWCT 2019"]
[Site "Kazan"]
[Date "2019.06.10"]
[Round "9.4"]
[White "Muzychuk, Mariya"]
[Black "Tan, Zhongyi"]
[Result "1-0"]
[ECO "C77"]
[WhiteElo "2563"]
[BlackElo "2513"]
[Annotator "ChessBase"]
[PlyCount "85"]
[EventDate "2019.05.11"]
[EventType "tourn"]
[EventCountry "RUS"]
[SourceTitle "playchess.com"]
[Source "ChessBase"]
[SourceQuality "1"]
[TimeControl "40/5400+30:1800+30"]

1. e4 e5 2. Nf3 Nc6 3. Bb5 a6 4. Ba4 Nf6 5. d3 b5 6. Bb3 Bc5 7. O-O d6 8. c3 Bb6 9. Be3 Bxe3 10. fxe3 O-O 11. Nbd2 Na5 12. Bc2 c5 13. Qe1 Nc6 14. h3 Ra7 15. Qf2 a5 16. a4 b4 17. Bb3 Be6 18. Bc4 Nd7 19. Bb5 Ndb8 20. d4 bxc3 21. bxc3 cxd4 22. exd4 exd4 23. Nxd4 Nxd4 24. cxd4 d5 25. e5 f6 26. Qe3 Raf7 27. Nf3 Nd7 28. exf6 Rxf6 29. Ng5 Bf5 30. Rae1 Rg6 31. h4 h6 32. Rxf5 Rxf5 33. Bd3 Rfxg5 34. hxg5 Rd6 35. Qe8+ Nf8 36. Qxd8 Rxd8 37. g6 Rb8 38. Re5 Rd8 39. g4 Kh8 40. Bf5 Rd6 41. Re8 Rf6 42. Be6 h5 43. Bf7 1-0

[Event "FWCT 2019"]
[Site "Kazan"]
[Date "2019.06.12"]
[Round "10.1"]
[White "Kosteniuk, Alexandra"]
[Black "Gunina, Valentina"]
[Result "1-0"]
[ECO "C65"]
[WhiteElo "2546"]
[BlackElo "2506"]
[Annotator "ChessBase"]
[PlyCount "81"]
[EventDate "2019.05.11"]
[EventType "tourn"]
[EventCountry "RUS"]
[SourceTitle "playchess.com"]
[Source "ChessBase"]
[SourceQuality "1"]
[TimeControl "40/5400+30:1800+30"]

1. e4 e5 2. Nf3 Nc6 3. Bb5 Nf6 4. d4 Nxd4 5. Nxd4 exd4 6. e5 c6 7. Qxd4 Nd5 8. Bc4 Nb6 9. Nd2 d5 10. Bd3 c5 11. Qf4 c4 12. Be2 Be7 13. Nf3 O-O 14. Qg3 Bf5 15. h4 f6 16. Bh6 Rf7 17. O-O-O Qd7 18. Kb1 Na4 19. Nd4 fxe5 20. Nxf5 Qxf5 21. Rxd5 Bf6 22. Bg4 Qg6 23. Be3 Re7 24. Rhd1 Rf8 25. Rd6 Qf7 26. Qh3 Kh8 27. Be6 Qh5 28. Bxc4 e4 29. R6d5 Re5 30. c3 b5 31. g4 Qf7 32. Bb3 Rxd5 33. Rxd5 Qc7 34. g5 Bxc3 35. Bxa4 Bxb2 36. Qd7 Qc3 37. Qxb5 Ba3 38. Qb3 Qe1+ 39. Rd1 Qa5 40. Qxa3 Rb8+ 41. Ka1 1-0